 Dungeon Crawl Stone Soup version 0.23-a0-667-gc184e93 (webtiles) character file.

191 rgaf the Caller (level 5, 0/28 HPs)
             Began as a Tengu Summoner on Jan 8, 2019.
             Slain by an orc wizard
             ... wielding a +0 dagger
              (3 damage)
             ... on level 3 of the Dungeon.
             The game lasted 00:03:50 (4129 turns).

rgaf the Caller (Tengu Summoner)                    Turns: 4129, Time: 00:03:50

Health: 0/28       AC:  2    Str:  9    XL:     5   Next: 70%
Magic:  7/11       EV: 12    Int: 16    God:
Gold:   205        SH:  0    Dex: 14    Spells: 4/10 levels left

rFire    . . .     SeeInvis .   j - +2 whip (venom)
rCold    . . .     Gourm    .   (no shield)
rNeg     . . .     Faith    .   g - +0 robe (curse)
rPois    .         Spirit   .   (helmet restricted)
rElec    .         Reflect  .   (no cloak)
rCorr    .         Harm     .   (no gloves)
MR       .....                  (boots unavailable)
Stlth    +.........             (no amulet)
HPRegen  0.09/turn              o - ring of attention (curse)
MPRegen  0.12/turn              (no ring)

@: no status effects
A: beak, talons 3, able to fly 1
a: Fly


You were on level 3 of the Dungeon.
You were not hungry.

You visited 1 branch of the dungeon, and saw 4 of its levels.

You collected 205 gold pieces.

Inventory:

Hand Weapons
 d - a +0 mace of holy wrath
 h - a +0 spear
 j - a +2 whip of venom (weapon)
 p - a +0 great sword
Armour
 a - a +0 robe
 g - a cursed +0 robe (worn)
Jewellery
 o - a cursed ring of attention (left hand)
Wands
 q - a wand of flame (24)
Scrolls
 i - 2 scrolls of remove curse {unknown}
 k - a scroll of fog {unknown}
 n - a scroll of fear {unknown}
 t - a scroll of amnesia {unknown}
Potions
 b - a potion of brilliance
 e - a potion of haste
 f - a potion of heal wounds
 l - a potion of mutation {unknown}
 m - a potion of ambrosia {unknown}
 r - a potion of lignification {unknown}
Comestibles
 c - 8 rations
 s - 9 chunks of flesh


   Skills:
 - Level 2.1 Dodging
 - Level 2.0 Stealth
 + Level 3.3 Spellcasting
 * Level 7.2 Summonings


You had 4 spell levels left.
You knew the following spells:

 Your Spells              Type           Power        Failure   Level  Hunger
a - Summon Small Mammal   Summ           ####         1%          1    None
b - Call Imp              Summ           ####....     1%          2    ##.....
c - Call Canine Familiar  Summ           ####....     2%          3    ###....

Your spell library contained the following spells:

 Spells                   Type           Power        Failure   Level  Hunger
 Summon Guardian Golem    Hex/Summ       ##......     12%         3    ###....
 Summon Ice Beast         Ice/Summ       ##......     38%         4    ####...
 Summon Lightning Spire   Summ/Air       ##......     38%         4    ####...


Dungeon Overview and Level Annotations

Branches:
Dungeon (4/15)
 Temple: D:4-7

Altars:
Elyvilon
Gozag
Nemelex Xobeh
Trog
Xom
Yredelemnul
Zin


Innate Abilities, Weirdness & Mutations

You have a beak for a mouth.
You have claws for feet.
You can fly.


Message History

There is a stone staircase leading down here.
Unknown command.
Casting: Call Imp (safe; 1% risk of failure)
Confirm with . or Enter, or press ? or * to list all spells.
A beastly little devil appears in a puff of flame.
The orc wizard points at you and mumbles some strange words.
The puff of flame hits you!
* * * LOW HITPOINT WARNING * * *
The orc wizard completely misses you.
Your crimson imp barely misses the orc wizard.
You hit the orc wizard. You claw the orc wizard.
The orc wizard is severely wounded.
The orc wizard hits you with a +0 dagger.
* * * LOW HITPOINT WARNING * * *
Your crimson imp barely misses the orc wizard.
You hit the orc wizard but do no damage.
The orc wizard is poisoned.
The orc wizard is severely wounded.
The orc wizard hits you with a +0 dagger.
You die...

............#.#..# #...#
..##.#..##..#.#..###.#.###
...........(#............#
.....#..##.####..###.#.#.#
..............#..# #.#.#.#
........##.##.#..# #.#.#.#
............#.#.5###.#.#.#
................o>##.#.#.###
.).......#.##.##@###.#.....#
..#...........##.# #.#######
#.##.#####..#.##.# #.#
#.##..........##.# #.#
#.##..####..#.##.# #.#
#.......##..#.##.# #.#
#####.......#.##.# #.#
#...##..#.##.# #.#
#####...##..#.##.# #.#


You could see an orc wizard and a friendly crimson imp.

Vanquished Creatures
  A howler monkey (D:4)
  An adder (D:3)
  2 dart slugs
  2 leopard geckos
  3 orcs
  2 bats
  3 giant cockroaches
  2 goblins
  5 hobgoblins
  3 jackals
  4 kobolds
  3 frilled lizards (D:3)
  5 rats
36 creatures vanquished.

Vanquished Creatures (collateral kills)
  A hound (D:4)
  A worker ant (D:2)
  4 gnolls (D:3)
  5 adders
  An ooze (D:3)
  A worm (D:2)
  A dart slug (D:3)
  11 orcs
  3 goblins (D:2)
  2 hobgoblins
  3 bats
  3 kobolds
  2 rats
38 creatures vanquished.

Grand Total: 74 creatures vanquished

Notes
Turn   | Place    | Note
-------+----------+-------------------------------------------
     0 | D:1      | rgaf the Tengu Summoner began the quest for the Orb.
     0 | D:1      | Reached XP level 1. HP: 10/10 MP: 4/4
   206 | D:1      | Reached skill level 5 in Summonings
   416 | D:1      | Reached XP level 2. HP: 11/15 MP: 6/6
   532 | D:1      | Learned a level 2 spell: Call Imp
  1723 | D:2      | Reached XP level 3. HP: 18/19 MP: 7/7
  2062 | D:2      | Reached skill level 6 in Summonings
  2073 | D:2      | Reached XP level 4. HP: 23/24 MP: 4/9
  2364 | D:2      | Found a basalt altar of Yredelemnul.
  2441 | D:2      | Found a white marble altar of Elyvilon.
  2588 | D:2      | Learned a level 3 spell: Call Canine Familiar
  2643 | D:3      | Found an opulent altar of Gozag.
  2643 | D:3      | Found a bloodstained altar of Trog.
  2644 | D:3      | Found a sparkling altar of Nemelex Xobeh.
  2970 | D:3      | Found a glowing silver altar of Zin.
  2972 | D:3      | Noticed an angel
  2976 | D:3      | Found a shimmering altar of Xom.
  3176 | D:3      | Gained mutation: You can fly. [Tengu growth]
  3176 | D:3      | Reached XP level 5. HP: 22/28 MP: 8/10
  4021 | D:4      | Reached skill level 7 in Summonings
  4129 | D:3      | Slain by an orc wizard

Vault maps used:
D:1:      sevenhm_arrival_forest_fort_small_6, st_stairs_10
D:2:      kennysheep_ying_yang, minmay_tromino_i4
D:3:      grunt_temple_overflow_order_and_chaos_1,
          gammafunk_temple_overflow_forgotten, first_ration
D:4:      portal_sewer_entry_b

Skill      XL: |  1  2  3  4  5 |
---------------+----------------+-----
Summonings     | 5 6 7 |  7.2
Spellcasting   | 3 |  3.3
Dodging        | |  2.1
Stealth        | |  2.0

Action                   |  1- 3 |  4- 6 || total
-------------------------+-------+-------++-------
Melee: Mace              |     6 |       ||     6
       Unarmed           |     5 |       ||     5
       Kick              |     5 |    13 ||    18
       Spear             |    39 |    38 ||    77
       Peck              |     3 |    10 ||    13
       Whip              |       |    23 ||    23
 Cast: Summon Small Mamm |    13 |     1 ||    14
       Call Imp          |    11 |    21 ||    32
  Use: Scroll            |       |     4 ||     4
 Stab: Sleeping          |     5 |       ||     5
  Eat: Chunk             |     4 |     8 ||    12
Armor: Robe              |    16 |     9 ||    25
Dodge: Dodged            |    43 |    34 ||    77

Table legend:
 A = Non-vault XP
 B = Vault XP
 C = Vault XP percentage of total XP
 D = Non-vault monster count
 E = Vault monster count
 F = Vault count percentage of total count
                 A         B        C        D         E       F
            +---------+---------+-------+---------+---------+-------
      Total |     263 |      10 |   3.7 |      70 |       4 |   5.4
            +---------+---------+-------+---------+---------+-------
        D:1 |      17 |       6 |  26.1 |      10 |       2 |  16.7
        D:2 |      63 |       4 |   6.0 |      17 |       2 |  10.5
        D:3 |     102 |       0 |   0.0 |      35 |       0 |   0.0
        D:4 |      81 |       0 |   0.0 |       8 |       0 |   0.0
            +---------+---------+-------+---------+---------+-------
